 Dungeon Crawl Stone Soup version 0.24-a0-114-g5d539f0 (webtiles) character file.

Game seed: 7290622860362867150

22 Kairos the Skirmisher (level 2, 16/16 HPs)
             Began as a Vine Stalker Fighter on Feb 15, 2019.
             Quit the game on level 1 of the Dungeon.
             The game lasted 00:00:47 (433 turns).

Kairos the Skirmisher (Vine Stalker Fighter)         Turns: 433, Time: 00:00:48

Health: 16/16      AC:  6    Str: 18    XL:     2   Next: 91%
Magic:  3/3        EV:  7    Int:  8    God:
Gold:   66         SH:  9    Dex: 13    Spells: 1/1 levels left

rFire    . . .     SeeInvis .   a - +0 war axe
rCold    . . .     Gourm    .   c - +0 shield
rNeg     . . .     Faith    .   b - +0 scale mail
rPois    .         Spirit   +   (no helmet)
rElec    .         Reflect  .   (no cloak)
rCorr    .         Harm     .   (no gloves)
MR       .....                  (no boots)
Stlth    ..........             (no amulet)
HPRegen  0.05/turn              (no ring)
MPRegen  0.08/turn              (no ring)

@: no status effects
A: fangs 2, magic shield, antimagic bite, no potion heal 3, rot immunity
a: no special abilities


You were on level 1 of the Dungeon.
You were not hungry.

You visited 1 branch of the dungeon, and saw 1 of its levels.

You collected 66 gold pieces.

Inventory:

Hand Weapons
 a - a +0 war axe (weapon)
Missiles
 h - 4 javelins (quivered)
Armour
 b - a +0 scale mail (worn)
 c - a +0 shield (worn)
Scrolls
 j - a scroll of remove curse
 l - a scroll of fear
Potions
 d - a potion of might
 g - a potion of degeneration
 i - a potion of cancellation
Comestibles
 f - 3 rations


   Skills:
 + Level 2.9 Fighting
 + Level 2.0 Axes
 + Level 2.7 Armour
 + Level 0.2 Dodging
 + Level 2.9 Shields


You had one spell level left.
You didn't know any spells.
Your spell library was empty.

Dungeon Overview and Level Annotations

Branches:
Dungeon (1/15)

Altars:


Innate Abilities, Weirdness & Mutations

You have extremely sharp teeth.
When hurt, damage is shared between your health and your magic reserves.
Your bite disrupts and absorbs the magic of your enemies.
Potions cannot restore your health.
You are immune to rotting.


Message History

Things that are here:
a +0 dagger; a ball python skeleton
k - 3 scrolls labeled NINUQIPL REAT (gained 1) Done exploring.
Done exploring.
Done exploring.
As you read the scroll labeled LELAIRCHOTH, it crumbles to dust.
You feel strangely unstable.
It was a scroll of teleportation.
As you read the scroll labeled SIERGH ZOREMNU, it crumbles to dust.
You feel blessed for a moment.
It was a scroll of remove curse.
As you read the scroll labeled NINUQIPL REAT, it crumbles to dust.
It is a scroll of identify.
l - a scroll of fear
Okay, then.
As you read the scroll of identify, it crumbles to dust.
g - a potion of degeneration
As you read the scroll of identify, it crumbles to dust.
i - a potion of cancellation Your surroundings suddenly seem different.
Are you sure you want to abandon this character and quit the game? (Confirm with "yes".)

############
#..........#
#..........#
#..........#
#..........#
#[.........# ####
#..........## #...
#...........## #.##
###########@.## #.#
#...# #.# #...# #.#
##..#### #.# #.....#
#.# #.....## #.##
#####..#######...
######.......(...##
####....[.#..######.#


There were no monsters in sight!

Vanquished Creatures
  A dart slug (D:1)
  A ball python (D:1)
  3 goblins (D:1)
  3 hobgoblins (D:1)
  5 kobolds (D:1)
  A bat (D:1)
  A frilled lizard (D:1)
  4 rats (D:1)
19 creatures vanquished.

Notes
Turn   | Place    | Note
-------+----------+-------------------------------------------
     0 | D:1      | Kairos the Vine Stalker Fighter began the quest for the
                  | Orb.
     0 | D:1      | Reached XP level 1. HP: 11/11 MP: 2/2
   111 | D:1      | Reached XP level 2. HP: 16/16 MP: 3/3
   433 | D:1      | Quit the game

Levels and vault maps discovered:
D:1:      scummos_arrival_gate, layout_rooms

Skill      XL: |  1  2 |
---------------+-------+-----
Axes           | 2 |  2.0
Fighting       | |  2.9
Armour         | |  2.7
Dodging        | |  0.2
Shields        | |  2.9

Action                   || total
-------------------------++-------
Melee: War axe           ||    50
       Bite              ||    10
  Use: Scroll            ||     5
Armor: Scale mail        ||    23
Dodge: Dodged            ||    16
Block: Shield            ||    22

Table legend:
 A = Non-vault XP
 B = Vault XP
 C = Vault XP percentage of total XP
 D = Non-vault monster count
 E = Vault monster count
 F = Vault count percentage of total count
                 A         B        C        D         E       F
            +---------+---------+-------+---------+---------+-------
      Total |      32 |       0 |   0.0 |      19 |       0 |   0.0
            +---------+---------+-------+---------+---------+-------
        D:1 |      32 |       0 |   0.0 |      19 |       0 |   0.0
            +---------+---------+-------+---------+---------+-------
